TOP OF THE 1ST |
Pittsfield Colonials batting - Pitching for Waterbury Rough Riders : RHP Steve Smith
|
Pitching: RHP Steve Smith
|
|
Batting: SHB Steve Scafa
|
0-0: Called Strike 0-1: Ball 1-1: Foul Ball, location: 2F 1-2: Foul Ball, location: 2F 1-2: Ball 2-2: Ball 3-2: Base on Balls
|
Batting: SHB Mitch Webster
|
0-0: Ball 1-0: Swinging Strike 1-1: Ball 2-1: Fielders Choice at 2nd, 6-4 (Groundball, 6, EV 84.4 MPH)
|
Batting: RHB Shawon Dunston
|
0-0: Called Strike 0-1: Foul Ball, location: 2F 0-2: Strikes out swinging
|
Batting: SHB Mark Gilbert
|
0-0: Ball 1-0: Foul Ball, location: 2F 1-1: Swinging Strike 1-2: Ball Mitch Webster steals 2nd base 2-2: Ball 3-2: Foul Ball, location: 2F 3-2: Base on Balls
|
Batting: RHB Mike Brewer
|
0-0: Foul Ball, location: 2F 0-1: Ball 1-1: Ball 2-1: Ball Wild Pitch! Mitch Webster to third Mark Gilbert to second 3-1: Base on Balls
|
Batting: SHB Felipe Gracia
|
0-0: Ball 1-0: Called Strike 1-1: Ball 2-1: Ball 3-1: Foul Ball, location: 2F 3-2: SINGLE (Flyball, 56D, EV 93.1 MPH) Mitch Webster scores Mark Gilbert to third Mike Brewer to second Mark Gilbert scores Mike Brewer to third
|
Batting: RHB Steven Ramler
|
0-0: Called Strike 0-1: Foul Ball, location: 2F 0-2: Ball 1-2: Foul Ball, location: 2F 1-2: Ball 2-2: Foul Ball, location: 2F 2-2: Ground out 4-3 (Groundball, 13, EV 82.5 MPH)
|
Top of the 1st over - 2 runs, 1 hit, 0 errors, 2 left on base; Pittsfield 2 - Waterbury 0 |
BOTTOM OF THE 1ST |
Waterbury Rough Riders batting - Pitching for Pittsfield Colonials : LHP James Rooney
|
Pitching: LHP James Rooney
|
|
Batting: RHB David Daniels
|
0-0: Swinging Strike 0-1: Ball 1-1: Ball 2-1: Ground out 5-3 (Groundball, 56S, EV 67.5 MPH)
|
Batting: RHB David Corman
|
0-0: Ball 1-0: Ball 2-0: Ball 3-0: Foul Ball, location: 2F 3-1: Foul Ball, location: 2F 3-2: Base on Balls
|
Batting: RHB Billy Beane
|
0-0: Ball 1-0: Ball 2-0: Fly out, F9 (Flyball, 9LS, EV 88.8 MPH)
|
Batting: RHB Jack Fimple
|
0-0: Ball 1-0: SINGLE (Groundball, 56D, EV 106.3 MPH) David Corman to second
|
Batting: RHB Don Leach
|
0-0: Ball 1-0: Swinging Strike 1-1: Foul Ball, location: 2F 1-2: Foul Ball, location: 2F 1-2: Ball 2-2: Foul Ball, location: 2F 2-2: Ball 3-2: Fly out, F8 (Flyball, 89D, EV 87.5 MPH)
|
Bottom of the 1st over - 0 runs, 1 hit, 0 errors, 2 left on base; Pittsfield 2 - Waterbury 0 |
TOP OF THE 2ND |
Pittsfield Colonials batting - Pitching for Waterbury Rough Riders : RHP Steve Smith
|
Batting: SHB David Enos
|
0-0: Ground out 6-3 (Groundball, 56, EV 83.8 MPH)
|
Batting: RHB Juan Castro
|
0-0: Ball 1-0: Called Strike 1-1: Ground out 4-3 (Groundball, 4, EV 86.3 MPH)
|
Batting: SHB Steve Scafa
|
0-0: Swinging Strike 0-1: Ground out 4-3 (Groundball, 4M, EV 88.8 MPH)
|
Top of the 2nd over - 0 runs, 0 hits, 0 errors, 0 left on base; Pittsfield 2 - Waterbury 0 |
BOTTOM OF THE 2ND |
Waterbury Rough Riders batting - Pitching for Pittsfield Colonials : LHP James Rooney
|
Batting: RHB Enrique Collado
|
0-0: Called Strike 0-1: Called Strike 0-2: Ball 1-2: Ball 2-2: Ball 3-2: Base on Balls
|
Batting: RHB Jose Quiroz
|
0-0: Called Strike 0-1: Ball 1-1: Ball 2-1: Foul Ball, location: 2F 2-2: Fly out, F7 (Flyball, 7D, EV 100.0 MPH)
|
Batting: LHB Wilson Tucker
|
0-0: Swinging Strike 0-1: Ball 1-1: Ball 2-1: SINGLE (Groundball, 4MD, EV 108.8 MPH) Enrique Collado to second Runner from 2nd tries for 3rd, SAFE, throw by CF made at trailing runner, OUT! 8-3-6
|
Batting: SHB Paul Gbur
|
0-0: Called Strike Steal of home, Enrique Collado is out
|
Bottom of the 2nd over - 0 runs, 1 hit, 0 errors, 0 left on base; Pittsfield 2 - Waterbury 0 |
TOP OF THE 3RD |
Pittsfield Colonials batting - Pitching for Waterbury Rough Riders : RHP Steve Smith
|
Batting: SHB Mitch Webster
|
0-0: Ball 1-0: Foul Ball, location: 2F 1-1: Ball 2-1: Swinging Strike 2-2: Strikes out swinging
|
Batting: RHB Shawon Dunston
|
0-0: Foul Ball, location: 2F 0-1: Foul Ball, location: 2F 0-2: Ball 1-2: Ball 2-2: DOUBLE (Line Drive, 7D, EV 95.6 MPH)
|
Batting: SHB Mark Gilbert
|
0-0: Called Strike 0-1: Called Strike Shawon Dunston steals 3rd base 0-2: Ground out 4-3 (Groundball, 34D, EV 110.6 MPH) Shawon Dunston scores
|
Batting: RHB Mike Brewer
|
0-0: Called Strike 0-1: Ball 1-1: Swinging Strike 1-2: Ball 2-2: Ball 3-2: Strikes out looking
|
Top of the 3rd over - 1 run, 1 hit, 0 errors, 0 left on base; Pittsfield 3 - Waterbury 0 |
BOTTOM OF THE 3RD |
Waterbury Rough Riders batting - Pitching for Pittsfield Colonials : LHP James Rooney
|
Batting: SHB Paul Gbur
|
0-0: Foul Ball, location: 2F 0-1: Ball 1-1: Ball 2-1: Ball 3-1: Foul Ball, location: 2F 3-2: Foul Ball, location: 2F 3-2: Base on Balls
|
Batting: RHB David Daniels
|
0-0: Called Strike 0-1: Ball 1-1: Grounds into double play, 6-4-3 (Groundball, 6, EV 79.4 MPH)
|
Batting: RHB David Corman
|
0-0: Foul Ball, location: 2F 0-1: Ball 1-1: Swinging Strike 1-2: Foul Ball, location: 2F 1-2: Ball 2-2: Ball 3-2: Strikes out swinging
|
Bottom of the 3rd over - 0 runs, 0 hits, 0 errors, 0 left on base; Pittsfield 3 - Waterbury 0 |
TOP OF THE 4TH |
Pittsfield Colonials batting - Pitching for Waterbury Rough Riders : RHP Steve Smith
|
Batting: SHB Felipe Gracia
|
0-0: Called Strike 0-1: Swinging Strike 0-2: Ball 1-2: Strikes out swinging
|
Batting: RHB Steven Ramler
|
0-0: Called Strike 0-1: Ball 1-1: Ball 2-1: Fly out, F3 (Flyball, 3D, EV 82.5 MPH)
|
Batting: SHB David Enos
|
0-0: Ball 1-0: Ball 2-0: Fly out, F9 (Flyball, 9, EV 81.9 MPH)
|
Top of the 4th over - 0 runs, 0 hits, 0 errors, 0 left on base; Pittsfield 3 - Waterbury 0 |
BOTTOM OF THE 4TH |
Waterbury Rough Riders batting - Pitching for Pittsfield Colonials : LHP James Rooney
|
Batting: RHB Billy Beane
|
0-0: Ball 1-0: Ball 2-0: SINGLE (Flyball, 3D, EV 94.4 MPH)
|
Batting: RHB Jack Fimple
|
0-0: Foul Ball, location: 2F 0-1: Ball 1-1: Ball Billy Beane steals 2nd base 2-1: Ball 3-1: SINGLE (Line Drive, 9S, EV 100.0 MPH) Billy Beane to third Runner from 3rd tries for Home, SAFE, throw by RF to home
|
Batting: RHB Don Leach
|
0-0: Called Strike 0-1: Grounds into double play, 6-4-3 (Groundball, 6, EV 81.9 MPH)
|
Batting: RHB Enrique Collado
|
0-0: Called Strike 0-1: Ball 1-1: Foul Ball, location: 2F 1-2: Ball 2-2: Strikes out swinging
|
Bottom of the 4th over - 1 run, 2 hits, 0 errors, 0 left on base; Pittsfield 3 - Waterbury 1 |
TOP OF THE 5TH |
Pittsfield Colonials batting - Pitching for Waterbury Rough Riders : RHP Steve Smith
|
Batting: RHB Juan Castro
|
0-0: Ball 1-0: Fly out, F9 (Line Drive, 9D, EV 96.3 MPH)
|
Batting: SHB Steve Scafa
|
0-0: Ball 1-0: Ball 2-0: Called Strike 2-1: Foul Ball, location: 2F 2-2: Strikes out swinging
|
Batting: SHB Mitch Webster
|
0-0: Called Strike 0-1: Ball 1-1: Foul Ball, location: 2F 1-2: Foul Ball, location: 2F 1-2: Fly out, F8 (Flyball, 8LS, EV 97.5 MPH)
|
Top of the 5th over - 0 runs, 0 hits, 0 errors, 0 left on base; Pittsfield 3 - Waterbury 1 |
BOTTOM OF THE 5TH |
Waterbury Rough Riders batting - Pitching for Pittsfield Colonials : LHP James Rooney
|
Batting: RHB Jose Quiroz
|
0-0: Ball 1-0: Ball 2-0: Called Strike 2-1: Foul Ball, location: 2F 2-2: Foul Ball, location: 2F 2-2: Ball 3-2: SINGLE (Line Drive, 7S, EV 111.3 MPH)
|
Batting: LHB Wilson Tucker
|
0-0: Ball 1-0: Bunted foul 1-1: Sac Bunt to 15S - play at first, batter OUT! 1-4 Jose Quiroz to second
|
Batting: SHB Paul Gbur
|
0-0: Called Strike 0-1: Foul Ball, location: 2F 0-2: Ground out U3 (Groundball, 34S, EV 80.6 MPH) Jose Quiroz to third
|
Batting: RHB David Daniels
|
0-0: Ball 1-0: Ball 2-0: Swinging Strike 2-1: Ball 3-1: Swinging Strike 3-2: Strikes out swinging
|
Bottom of the 5th over - 0 runs, 1 hit, 0 errors, 1 left on base; Pittsfield 3 - Waterbury 1 |
TOP OF THE 6TH |
Pittsfield Colonials batting - Pitching for Waterbury Rough Riders : RHP Steve Smith
|
Batting: RHB Shawon Dunston
|
0-0: Ball 1-0: Called Strike 1-1: Called Strike 1-2: Foul Ball, location: 2F 1-2: Ball 2-2: Foul Ball, location: 2F 2-2: Ground out 1-3 (Groundball, 13, EV 71.9 MPH)
|
Batting: SHB Mark Gilbert
|
0-0: Ball 1-0: Foul Ball, location: 2F 1-1: Ground out 4-3 (Groundball, 4, EV 87.5 MPH)
|
Batting: RHB Mike Brewer
|
0-0: Ball 1-0: Foul Ball, location: 2F 1-1: Ball 2-1: Called Strike 2-2: Strikes out swinging
|
Top of the 6th over - 0 runs, 0 hits, 0 errors, 0 left on base; Pittsfield 3 - Waterbury 1 |
BOTTOM OF THE 6TH |
Waterbury Rough Riders batting - Pitching for Pittsfield Colonials : LHP James Rooney
|
Batting: RHB David Corman
|
0-0: SINGLE (Groundball, 34D, EV 100.6 MPH)
|
Batting: RHB Billy Beane
|
0-0: Called Strike 0-1: Ball 1-1: Foul Ball, location: 2F 1-2: Ball 2-2: Fly out, F7 (Flyball, 78M, EV 75.0 MPH)
|
Batting: RHB Jack Fimple
|
0-0: Ball 1-0: Called Strike 1-1: Called Strike 1-2: Ball 2-2: Foul Ball, location: 2F 2-2: Foul Ball, location: 2F 2-2: Foul Ball, location: 2F 2-2: Strikes out looking
|
Batting: RHB Don Leach
|
0-0: Fielders Choice at 2nd, 5-4 (Groundball, 56, EV 90.0 MPH)
|
Bottom of the 6th over - 0 runs, 1 hit, 0 errors, 1 left on base; Pittsfield 3 - Waterbury 1 |
TOP OF THE 7TH |
Pittsfield Colonials batting - Pitching for Waterbury Rough Riders : RHP Steve Smith
|
Batting: SHB Felipe Gracia
|
0-0: Fly out, F6 (Popup, 6, EV 68.1 MPH)
|
Batting: RHB Steven Ramler
|
0-0: Ball 1-0: Ball 2-0: Fly out, F8 (Flyball, 8RM, EV 80.0 MPH)
|
Batting: SHB David Enos
|
0-0: Ball 1-0: Ball 2-0: Ball 3-0: Base on Balls
|
Batting: RHB Juan Castro
|
0-0: Ball 1-0: Foul Ball, location: 2F 1-1: Swinging Strike 1-2: Foul Ball, location: 2F 1-2: Foul Ball, location: 2F 1-2: Ground out 6-3 (Groundball, 6M, EV 80.6 MPH)
|
Top of the 7th over - 0 runs, 0 hits, 0 errors, 1 left on base; Pittsfield 3 - Waterbury 1 |
BOTTOM OF THE 7TH |
Waterbury Rough Riders batting - Pitching for Pittsfield Colonials : LHP James Rooney
|
Batting: RHB Enrique Collado
|
0-0: Called Strike 0-1: Foul Ball, location: 2F 0-2: Ball 1-2: SINGLE (Groundball, 4MD, EV 98.1 MPH)
|
Batting: RHB Jose Quiroz
|
0-0: SINGLE (Line Drive, 9S, EV 100.0 MPH) Enrique Collado to second
|
Batting: LHB Wilson Tucker
|
0-0: Ball 1-0: Called Strike 1-1: Sac Bunt to 25 - play at first, batter safe! Enrique Collado to third Jose Quiroz to second
|
Pinch Hitting: RHB Dave Wilder
|
0-0: Called Strike 0-1: Ball 1-1: Grounds into double play, 3-2-3 (Groundball, 34, EV 85.6 MPH) Jose Quiroz to third Wilson Tucker to second
|
Batting: RHB David Daniels
|
0-0: Called Strike 0-1: Foul Ball, location: 2F 0-2: Ball 1-2: Strikes out swinging
|
Bottom of the 7th over - 0 runs, 3 hits, 0 errors, 2 left on base; Pittsfield 3 - Waterbury 1 |
TOP OF THE 8TH |
Pittsfield Colonials batting - Pitching for Waterbury Rough Riders : RHP Steve Smith
|
Now at 3B: Daniel Purpura
|
|
Batting: SHB Steve Scafa
|
0-0: Foul Ball, location: 2F 0-1: Ball 1-1: Foul Ball, location: 2F 1-2: Fly out, F9 (Line Drive, 9, EV 105.6 MPH)
|
Batting: SHB Mitch Webster
|
0-0: Called Strike 0-1: Ball 1-1: Fly out, F7 (Flyball, 78S, EV 92.5 MPH)
|
Batting: RHB Shawon Dunston
|
0-0: Ball 1-0: Swinging Strike 1-1: Ball 2-1: Foul Ball, location: 2F 2-2: Ground out 3-1 (Groundball, 34S, EV 91.9 MPH)
|
Top of the 8th over - 0 runs, 0 hits, 0 errors, 0 left on base; Pittsfield 3 - Waterbury 1 |
BOTTOM OF THE 8TH |
Waterbury Rough Riders batting - Pitching for Pittsfield Colonials : LHP James Rooney
|
Batting: RHB David Corman
|
0-0: Called Strike 0-1: Ball 1-1: Ball 2-1: Called Strike 2-2: Foul Ball, location: 2F 2-2: Foul Ball, location: 2F 2-2: Foul Ball, location: 2F 2-2: Ball 3-2: Base on Balls
|
Batting: RHB Billy Beane
|
0-0: Ball 1-0: Fly out, F9 (Flyball, 9, EV 91.9 MPH)
|
Batting: RHB Jack Fimple
|
0-0: Swinging Strike 0-1: Ball 1-1: Ball 2-1: Grounds into double play, 6-4-3 (Groundball, 6, EV 87.5 MPH)
|
Bottom of the 8th over - 0 runs, 0 hits, 0 errors, 0 left on base; Pittsfield 3 - Waterbury 1 |
TOP OF THE 9TH |
Pittsfield Colonials batting - Pitching for Waterbury Rough Riders : RHP Steve Smith
|
Pitching: RHP Marcial Abreu
|
|
Batting: SHB Mark Gilbert
|
0-0: Called Strike 0-1: Ball 1-1: Swinging Strike 1-2: Foul Ball, location: 2F 1-2: Ball 2-2: Ball 3-2: Base on Balls
|
Batting: RHB Mike Brewer
|
0-0: SINGLE (Groundball, 6MD, EV 93.8 MPH) Mark Gilbert to second
|
Batting: SHB Felipe Gracia
|
0-0: Bunted foul 0-1: Bunted foul 0-2: Ball 1-2: Ball 2-2: Foul Ball, location: 2F 2-2: Ball 3-2: Base on Balls Mark Gilbert to third Mike Brewer to second
|
Batting: RHB Steven Ramler
|
0-0: SINGLE (Flyball, 78S, EV 90.6 MPH) Mark Gilbert scores Mike Brewer to third Felipe Gracia to second Runner from 3rd tries for Home, throw by LF and OUT! 7-2
|
Batting: SHB David Enos
|
0-0: Swinging Strike 0-1: Called Strike 0-2: Ball 1-2: Ball 2-2: Grounds into double play, 4-6-3 (Groundball, 4, EV 81.9 MPH)
|
Top of the 9th over - 1 run, 2 hits, 0 errors, 1 left on base; Pittsfield 4 - Waterbury 1 |
BOTTOM OF THE 9TH |
Waterbury Rough Riders batting - Pitching for Pittsfield Colonials : LHP James Rooney
|
Batting: RHB Don Leach
|
0-0: Foul Ball, location: 2F 0-1: Ball 1-1: Ground out 5-3 (Groundball, 25, EV 68.1 MPH)
|
Batting: RHB Enrique Collado
|
0-0: Swinging Strike 0-1: Ground out 4-3 (Groundball, 4M, EV 101.3 MPH)
|
Batting: RHB Jose Quiroz
|
0-0: Ball 1-0: Foul Ball, location: 2F 1-1: Swinging Strike 1-2: Ground out 1-3 (Groundball, 25, EV 66.3 MPH)
|
Bottom of the 9th over - 0 runs, 0 hits, 0 errors, 0 left on base; Pittsfield 4 - Waterbury 1 |
|